 Dungeon Crawl Stone Soup version 0.30.0-29-ga12c61a403 (webtiles) character file.

Game seed: 18048211961967568221

22516 loir the Fighter (level 13, -2/100 HPs)
             Began as a Djinni Conjurer on June 13, 2023.
             Was the Champion of Makhleb.
             Shot with an arrow by a centaur warrior (15 damage)
             ... on level 13 of the Dungeon on June 15, 2023.
             The game lasted 02:10:04 (10734 turns).

loir the Fighter (Djinni Conjurer)                 Turns: 10734, Time: 02:10:04

Health: -2/100     AC:  7    Str:  9    XL:     13   Next: 28%
Gold:   1015       EV: 16    Int: 25    God:    Makhleb [******] SH:  0 Dex: 12

rFire   + . .        h - +8 dagger (freeze)
rCold   . . .        (no shield)
rNeg    . . .        (no body armour)
rPois   ∞            c - +5 hat of Ymopaihy {Regen+ SInv Stlth-}
rElec   .            x - +1 cloak
rCorr   .            (no gloves)
SInv    +            (boots unavailable)
Will    +....        (no amulet)
Stlth   +            m - +4 ring of slaying
HPRegen 1.16/turn    n - ring of Ajouguah {Ice Str+3 SInv}
MPRegen 0.00/turn

%: infuse magic (-3 HP)
@: about to teleport, flying
A: sickness immunity, fire resistance 2, cold vulnerability 1, float, innate
caster, HP casting, extra vitality 1
a: Renounce Religion, Minor Destruction, Lesser Servant of Makhleb, Major
Destruction, Greater Servant of Makhleb


You were on level 13 of the Dungeon.
You worshipped Makhleb.
Makhleb was exalted by your worship.
You visited 1 branch of the dungeon, and saw 13 of its levels.
You also visited: Sewer and Ossuary.

You collected 1105 gold pieces.
You spent 90 gold pieces at shops.

Inventory:

Hand Weapons
 h - a +8 dagger of freezing (weapon)
 j - a +0 dagger of electrocution
 v - the +9 short sword "Zeix Qyat" {drain, Fragile rC+ Dex+3 SInv}
   (You found it on level 5 of the Dungeon)

   Dex:       It affects your dexterity (+3).
   rC:        It protects you from cold.
   SInv:      It lets you see invisible.
   Fragile:   It will be destroyed if unequipped.
Armour
 a - a +0 robe
 c - the +5 hat of Ymopaihy (worn) {Regen+ SInv Stlth-}
   (You acquired it on level 1 of the Dungeon)

   SInv:      It lets you see invisible.
   Regen:     It increases your rate of health regeneration.
   Stlth:     It makes you less stealthy.
 e - +0 steam dragon scales
 f - the +0 leather armour of the Hot Ocelot {Str+2 Slay+2}
   (You found it on level 2 of the Dungeon)

   Str:       It affects your strength (+2).
   Slay:      It affects your accuracy & damage with ranged weapons and melee
   (+2).
 g - a +1 robe of positive energy
 q - +0 acid dragon scales
 x - a +1 cloak (worn)
 D - a +0 robe of fire resistance
 F - a +2 robe
 G - +0 acid dragon scales
Jewellery
 m - a +4 ring of slaying (left hand)
 n - the ring of Ajouguah (right hand) {Ice Str+3 SInv}
   (You acquired it on level 3 of the Dungeon)

   [ring of ice]

   It enhances your ice magic.
   Str:       It affects your strength (+3).
   rF:        It makes you vulnerable to fire.
   rC:        It protects you from cold.
   SInv:      It lets you see invisible.
 u - a ring of fire
 I - a ring of ice
Wands
 w - a wand of flame (54)
 y - a wand of roots (21)
 C - a wand of mindburst (12)
 L - a wand of charming (9)
Scrolls
 i - 5 scrolls of fog
 k - a scroll of teleportation
 o - a scroll of enchant armour
 s - 2 scrolls of fear
 z - 2 scrolls of enchant weapon
 H - a scroll of brand weapon
Potions
 b - a potion of heal wounds
 d - 2 potions of berserk rage
 l - 6 potions of mutation
 p - 2 potions of might
 r - 8 potions of curing
 t - a potion of lignification
 A - 2 potions of resistance
 B - 2 potions of invisibility
 E - a potion of brilliance
 J - a potion of ambrosia
 M - a potion of haste
Miscellaneous
 K - a piece from Xom's chessboard (15/15)


   Skills:
 + Level 11.7 Fighting
 - Level 4.1 Short Blades
 + Level 11.2 Dodging
 - Level 1.5 Stealth
 * Level 11.5 Spellcasting


You knew the following spells:

 Your Spells              Type           Power      Damage    Failure   Level
a - Magic Dart            Conj           100%       1d8       1%          1
b - Searing Ray           Conj           100%       2d8       1%          2
c - Dazzling Flash        Conj/Hex       100%       N/A       1%          3
d - Fulminant Prism       Conj/Hex       32%        3d16      1%          4
e - Iskenderun's Mystic   Conj/Tloc      64%        2d13      1%          4
f - Beastly Appendage     Tmut           100%       N/A       1%          1
g - Lesser Beckoning      Tloc           100%       N/A       1%          2
h - Volatile Blastmotes   Fire/Tloc      100%       2d18      1%          3
i - Petrify               Tmut/Erth      64%        N/A       1%          4
j - Silence               Hex/Air        32%        N/A       1%          5
k - Lee's Rapid Deconstr  Erth           32%        3d16*     1%          5
Your spell library was empty.

Dungeon Overview and Level Annotations

Branches:
Dungeon (13/15)            Temple (0/1) D:6            Lair (0/5) D:9
    Orc (0/2) D:9           Sewer (visited)         Ossuary (visited)
 Vaults: D:13-14

Altars:
Ashenzari
Cheibriados
Dithmenos
Elyvilon
Gozag
Makhleb
Okawaru
Ru
Trog
Xom

Shops:
D:3 (![   D:4 [   D:9 *   D:11 !

Annotations:
D:6 1 runed translucent door, exclusion: statue, Taurus's ghost, novice MiFi


Innate Abilities, Weirdness & Mutations

You are immune to sickness and miasma.
You are immune to poison.
Your flesh is very heat resistant. (rF++)
You are vulnerable to cold. (rC-)
You float through the air rather than walking.
You learn spells naturally, not from books.
Your magical power is your life essence.
You have superior vitality. (+4 MHP)


Message History

Aim: a deep elf pyromancer, wielding a +0 rapier and wearing a +0 chain mail (petrifying slowly, 100% to hit)
The magic dart hits the deep elf pyromancer but does no damage.
Aiming: Magic Dart (safe; 1% risk of failure)
Press: ? - help, Q - select action, (/) - cycle Shift-Dir - straight line, f/p - deep elf pyromancer
Aim: a deep elf pyromancer, wielding a +0 rapier and wearing a +0 chain mail (petrifying slowly, 100% to hit)
The magic dart hits the deep elf pyromancer.
The deep elf pyromancer is lightly wounded.
The deep elf pyromancer stops moving altogether!
A centaur warrior comes into view.
The centaur warrior moves out of view.
The helpless deep elf pyromancer fails to defend itself.
You impale the deep elf pyromancer!! You freeze the deep elf pyromancer.
The deep elf pyromancer is heavily wounded.
The helpless deep elf pyromancer fails to defend itself.
You perforate the deep elf pyromancer like a sieve!!!
You freeze the deep elf pyromancer.
You kill the deep elf pyromancer!
Makhleb accepts your kill.
The centaur warrior wields a +0 longbow.
The centaur warrior shoots an arrow.
The arrow hits you!!
The centaur warrior shoots an arrow.
The arrow hits you!!
The centaur warrior shoots an arrow.
The arrow hits you!
Things that are here:
a +0 rapier; a +0 chain mail; 23 gold pieces The centaur warrior shoots an arrow.
The arrow completely misses you.
The centaur warrior shoots an arrow.
The arrow hits you!!
Casting: Magic Dart (safe; 1% risk of failure)
Confirm with . or Enter, or press ? or * to list all spells.
Aiming: Petrify (safe; 1% risk of failure)
Press: ? - help, Shift-Dir - straight line, f - centaur warrior
Aim: a centaur warrior, wielding a +0 longbow (chance to affect: 62%)
The centaur warrior is moving more slowly.
* * * LOW HITPOINT WARNING * * *
As you read the scroll of teleportation, it crumbles to dust.
You feel strangely unstable.
The centaur warrior shoots an arrow.
The arrow barely misses you.
The centaur warrior shoots an arrow.
The arrow hits you!
* * * LOW HITPOINT WARNING * * *
The centaur warrior shoots an arrow.
The arrow hits you!
You die...

#.......... .)#.####†.#
########..##########†.#
. #..# #....# . #..#
#.##.# # #..# ##.##.#
#.. #.)...# .. ##)####
.#..#.#####).####
.....c))..@.....#
.......)....###.#
.#..#.####### # ......
.#..# #.. #. #


You could see a centaur warrior (petrifying).

Vanquished Creatures
  Azrael (D:13)
  Erica (D:8)
  A centaur warrior (D:13)
  2 two-headed ogres
  2 boulder beetles
  3 deep elf pyromancers
  A manticore (D:12)
  2 cyclopes
  A centaur zombie (D:11)
  A spectral centaur (D:11)
  Joseph (D:8)
  A rime drake (shapeshifter) (D:13)
  2 centaur skeletons (D:11)
  An unseen horror (D:10)
  A tengu conjurer (D:12)
  4 trolls
  A meliai zombie (D:11)
  Grinder (D:3)
  A wyvern (D:8)
  A shadow (D:10)
  A vampire (D:10)
  2 fire elementals (D:13)
  2 basilisks
  3 steam dragons
  14 yaks
  10 vampire mosquitoes
  Menkaure (D:4)
  2 acid dragons
  A water moccasin (D:8)
  2 hell hounds (D:13)
  4 ice beasts
  2 orc warriors
  4 black bears
  A boggart (D:13)
  An ogre (D:6)
  12 centaurs
  7 bullfrogs
  3 kobold brigands
  A gnoll sergeant (D:7)
  5 scorpions
  14 wights
  35 killer bees
  2 howler monkeys
  A jelly (D:6)
  15 orc priests
  6 hounds
  2 iguanas (D:6)
  10 orc wizards
  8 mummies (Ossuary)
  13 gnolls
  4 river rats (Sewer)
  14 adders
  A shadow imp (D:8)
  4 white imps
  2 ufetubi
  2 worms (D:3)
  3 dart slugs
  55 orcs
  7 bats
  2 bat zombies (D:10)
  13 endoplasms
  6 giant cockroaches
  2 gnoll zombies (Ossuary)
  42 goblins
  31 hobgoblins
  2 jackals (D:1)
  3 quokkas
  26 ball pythons
  2 hobgoblin zombies (Ossuary)
  22 kobolds
  2 kobold zombies (Ossuary)
  2 orc zombies (Ossuary)
  19 rats
  2 rat zombies (D:10)
481 creatures vanquished.

Vanquished Creatures (others)
  72 fulminant prisms
72 creatures vanquished.

Grand Total: 553 creatures vanquished

Notes
Turn   | Place    | Note
-------+----------+-------------------------------------------
     0 | D:1      | loir the Djinni Conjurer began the quest for the Orb.
     0 | D:1      | loir set off with the following spells memorised: Magic
                  | Dart, Searing Ray, Dazzling Flash, Fulminant Prism,
                  | Iskenderun's Mystic Blast.
     0 | D:1      | Reached XP level 1. HP: 15/15 MP: 0/0
    23 | D:1      | You are sucked into a shaft and drop 1 floor!
    62 | D:2      | Reached skill level 1 in Fighting
    62 | D:2      | Reached XP level 2. HP: 17/22 MP: 0/0
   237 | D:1      | Reached XP level 3. HP: 26/27 MP: 0/0
   237 | D:1      | Learned a level 1 spell: Beastly Appendage
   768 | D:1      | Identified a scroll of acquirement
   768 | D:1      | Acquired the +5 hat of Ymopaihy {Regen+ SInv Stlth-}
   957 | D:2      | Identified the +0 leather armour of the Hot Ocelot {Str+2
                  | Slay+2}
   978 | D:2      | Reached XP level 4. HP: 33/33 MP: 0/0
  1342 | D:2      | Found a burning altar of Makhleb.
  1362 | D:2      | Became a worshipper of Makhleb the Destroyer
  1513 | D:3      | Found Cijacahy's Antique Weapon Emporium.
  1618 | D:3      | Acquired the ring of Ajouguah {Ice Str+3 SInv}
  1635 | D:3      | Found Otyto's Distillery.
  1645 | D:3      | Found Fen Rirph's Antique Armour Boutique.
  1652 | D:3      | Reached XP level 5. HP: 37/39 MP: 0/0
  1652 | D:3      | Learned a level 2 spell: Lesser Beckoning
  1781 | D:3      | Found a white marble altar of Elyvilon.
  1889 | D:3      | Noticed Grinder
  1896 | D:3      | Found a glowing drain.
  1903 | D:3      | Killed Grinder
  1904 | D:3      | Reached XP level 6. HP: 47/47 MP: 0/0
  1936 | Sewer    | Entered a sewer
  1968 | Sewer    | Reached * piety under Makhleb
  2002 | Sewer    | Reached XP level 7. HP: 52/52 MP: 0/0
  2002 | Sewer    | Learned a level 3 spell: Volatile Blastmotes
  2370 | D:3      | Found a shadowy altar of Dithmenos.
  2453 | D:4      | Reached ** piety under Makhleb
  2454 | D:4      | Reached skill level 5 in Spellcasting
  2630 | D:4      | Noticed Menkaure
  2636 | D:4      | Killed Menkaure
  2637 | D:4      | Reached skill level 5 in Fighting
  2637 | D:4      | Reached XP level 8. HP: 55/59 MP: 0/0
  2704 | D:4      | Found Duppipp's Antique Armour Emporium.
  2853 | D:4      | Found a broken altar of Ashenzari.
  2880 | D:5      | Entered Level 5 of the Dungeon
  3055 | D:5      | Identified the +9 short sword "Zeix Qyat" {drain, Fragile
                  | rC+ Dex+3 SInv}
  3168 | D:5      | Reached skill level 5 in Dodging
  3358 | D:5      | Reached *** piety under Makhleb
  3518 | D:5      | Reached XP level 9. HP: 67/67 MP: 0/0
  3518 | D:5      | Learned a level 4 spell: Petrify
  3567 | D:5      | Reached **** piety under Makhleb
  4117 | D:6      | Found a staircase to the Ecumenical Temple.
  4230 | D:6      | Found a runed translucent door.
  4230 | D:6      | Found a shimmering altar of Xom.
  4230 | D:6      | Noticed Taurus's ghost (novice MiFi)
  4230 | D:6      | Noticed a +1 rapier of chaos
  4395 | D:6      | Found a bloodstained altar of Trog.
  4416 | D:6      | Noticed a troll
  4435 | D:6      | Killed a troll
  4732 | D:7      | Reached XP level 10. HP: 44/76 MP: 0/0
  4805 | D:7      | Reached ***** piety under Makhleb
  5231 | D:7      | Found a sand-covered staircase.
  5242 | Ossuary  | Entered an ossuary
  6009 | D:8      | Noticed Joseph
  6032 | D:8      | Noticed Erica
  6034 | D:8      | Killed Joseph
  6260 | D:8      | Killed Erica
  6261 | D:8      | Reached XP level 11. HP: 84/84 MP: 0/0
  6261 | D:8      | Learned a level 5 spell: Silence
  6524 | D:8      | Noticed a cyclops
  6540 | D:8      | Killed a cyclops
  6817 | D:9      | Found Doywineado's Gadget Gallery.
  6951 | D:9      | Found a staircase to the Lair.
  7025 | D:9      | Reached skill level 10 in Fighting
  7090 | D:9      | Found a staircase to the Orcish Mines.
  7111 | D:9      | Found an opulent altar of Gozag.
  7117 | D:9      | Noticed a two-headed ogre
  7129 | D:9      | Killed a two-headed ogre
  7129 | D:9      | Reached ****** piety under Makhleb
  7672 | D:10     | Entered Level 10 of the Dungeon
  7681 | D:10     | Found a snail-covered altar of Cheibriados.
  7787 | D:10     | Found a sacrificial altar of Ru.
  7958 | D:10     | Reached skill level 10 in Spellcasting
  7986 | D:10     | Reached XP level 12. HP: 92/92 MP: 0/0
  8139 | D:10     | Found an iron altar of Okawaru.
  8502 | D:11     | Noticed a boulder beetle
  8519 | D:11     | Reached skill level 1 in Short Blades
  8547 | D:11     | Killed a boulder beetle
  8548 | D:11     | Reached skill level 10 in Dodging
  8795 | D:11     | Noticed a two-headed ogre
  8810 | D:11     | Killed a two-headed ogre
  8907 | D:11     | Found Quer's Distillery.
  8914 | D:11     | Bought a potion of heal wounds for 90 gold pieces
 10016 | D:13     | Identified the +6 rapier "Jiakozed" {flame, rPois Dex+3}
 10065 | D:13     | Noticed a centaur warrior
 10254 | D:13     | Killed a centaur warrior
 10255 | D:13     | Reached XP level 13. HP: 81/99 MP: 0/0
 10255 | D:13     | Learned a level 5 spell: Lee's Rapid Deconstruction
 10587 | D:13     | Noticed Azrael
 10605 | D:13     | Killed Azrael
 10686 | D:13     | Noticed a centaur warrior
 10726 | D:13     | Noticed a centaur warrior
 10734 | D:13     | Shot with an arrow by a centaur warrior

Illustrated notes

Levels and vault maps discovered:
D:1:      roderic_octagonal_star, layout_loops_cross
D:2:      layout_rooms, basic_altar, nicolae_hexahallways, minmay_bisected
D:3:      layout_loops_cross, elyvilon_altar_1, mainiacjoe_overflow_alcove_4,
          serial_shops, nicolae_shop_trees, nicolae_shop_overgrown_old_shop,
          nicolae_shop_industrial_runoff, gup_sewer_entry_glass, uniq_grinder
D:4:      layout_rooms, lemuel_coloured_pillars_altar, nicolae_take_the_stairs,
          uniq_menkaure
D:5:      minmay_goblin_kobold_castle, layout_loops_corners,
          kennysheep_windowed_goal
D:6:      layout_gridville, vehumet_statue, lemuel_doored_altar,
          minmay_temple_entry_mist, ebering_ghost_xom
D:7:      layout_cave_pods, lemuel_blue_sif_altar, enter_ossuary_3,
          enter_bailey_4
D:8:      layout_loops_cross, uniq_joseph, uniq_erica
D:9:      layout_irregular_city, mainiacjoe_overflow_boulevard,
          due_lair_maze_entry_diamond, hiddenorc2_lemuel, serial_column_ruins,
          column_ruins_grid_1, column_ruins_open_tiny, column_ruins_open_medium,
          column_ruins_grid_1, column_ruins_open_medium,
          column_ruins_open_small, nicolae_shop_gadgets
D:10:     layout_roguey, okawaru_altar_gauntlet_db, kennysheep_slug_shrine,
          nicolae_ru_awakened_eye, lemuel_zombie_altar_kikubaaqudgha
D:11:     layout_loops_ring, serial_shops, nicolae_shop_tiny_glass,
          hangedman_weighted_door
D:12:     layout_irregular_city
D:13:     layout_loops_cross, hangedman_vaults_entry_quadrant_bands, uniq_azrael

Skill      XL: |  1  2  3  4  5  6  7  8  9 10 11 12 13 |
---------------+----------------------------------------+-----
Fighting       | 1 2 3 4 5 6 8 9 10 11 | 11.7
Dodging        | 3 4 5 6 8 9 10 11 | 11.2
Spellcasting   | 4 5 6 7 8 10 11 | 11.5
Short Blades   | 3 4 |  4.1
Stealth        | |  1.5

Action                     |  1- 3 |  4- 6 |  7- 9 | 10-12 | 13-15 || total
---------------------------+-------+-------+-------+-------+-------++-------
  Melee: Dagger            |       |    26 |    93 |   340 |    44 ||   503
         Punch             |       |     1 |       |     3 |       ||     4
   Cast: Magic Dart        |    63 |    67 |   256 |   314 |    16 ||   716
         Searing Ray       |       |     3 |     4 |    34 |       ||    41
         Fulminant Prism   |       |     1 |    27 |    39 |     5 ||    72
         Petrify           |       |       |     6 |    35 |     6 ||    47
         Silence           |       |       |       |     2 |       ||     2
         Lee's Rapid Decon |       |       |       |       |     4 ||     4
         Iskenderun's Myst |       |       |       |       |     2 ||     2
    Use: Scroll            |     5 |     8 |    12 |    15 |     2 ||    42
         Potion            |       |       |       |     4 |     3 ||     7
   Stab: Petrified         |       |       |    15 |    90 |     8 ||   113
         Petrifying        |       |       |       |     1 |     2 ||     3
 Armour: Robe              |     3 |    10 |    42 |   124 |       ||   179
         Skin              |       |       |       |       |     5 ||     5
  Dodge: Dodged            |     7 |    15 |    53 |   382 |    17 ||   474
